 Dungeon Crawl Stone Soup version 0.27-a0-906-g0a00ce863d (webtiles) character file.

Game seed: 503985490555819583

3 Alarkh the Insei (level 1, -3/14 (16) HPs)
             Began as a Demonspawn Gladiator on Apr 7, 2021.
             Slain by a kobold
             ... wielding a +3 short sword of draining
              (6 damage)
             ... on level 1 of the Dungeon.
             The game lasted 00:00:15 (324 turns).

Alarkh the Insei (Demonspawn Gladiator)              Turns: 324, Time: 00:00:15

HP:   -3/14 (16)    AC:  4    Str: 14    XL:     1   Next: 41%
MP:   1/1           EV: 12    Int:  9    God:
Gold: 24            SH:  0    Dex: 14    Spells: 0/0 levels left

rFire    . . .     SeeInvis .     - Unarmed
rCold    . . .     Faith    .   (no shield)
rNeg     . . .     Spirit   .   a - +0 leather armour
rPois    .         Reflect  .   b - +0 helmet
rElec    .         Harm     .   (no cloak)
rCorr    .         Rampage  .   (no gloves)
Will     .....                  (no boots)
Stlth    +.........             (no amulet)
HPRegen  0.04/turn              (no ring)
MPRegen  0.07/turn              (no ring)

@: heavily drained
A: no striking features
a: no special abilities


You were on level 1 of the Dungeon.
You visited 1 branch of the dungeon, and saw 1 of its levels.

You collected 24 gold pieces.

Inventory:

Missiles
 c - 2 throwing nets (quivered)
Armour
 a - a +0 leather armour (worn)
 b - a +0 helmet (worn)
Potions
 d - a potion of lignification {unknown}


   Skills:
 + Level 2.1 Fighting
 - Level 1.7 Throwing
 - Level 2.6 Dodging
 * Level 2.8 Unarmed Combat


You couldn't memorise any spells.
You didn't know any spells.
Your spell library was empty.

Dungeon Overview and Level Annotations

Branches:
Dungeon (1/15)

Altars:


Message History

Things that are here:
a +0 club; 2 stones; a kobold corpse You start resting.
HP restored.
Found a leather armour.
A kobold comes into view.
It is wielding a +3 short sword of draining.
A kobold is nearby!
A kobold is nearby!
A kobold is nearby!
The kobold shouts!
The kobold throws a stone.
The stone completely misses you. The kobold closely misses you.
You barely miss the kobold.
The kobold hits you with a +3 short sword of draining.
You feel drained.
You closely miss the kobold.
The kobold hits you with a +3 short sword of draining.
You feel drained.
* * * LOW HITPOINT WARNING * * *
You are too injured to fight recklessly!
You are too injured to fight recklessly!
You are too injured to fight recklessly!
You are too injured to fight recklessly!
You are too injured to fight recklessly!
You are too injured to fight recklessly!
You are too injured to fight recklessly!
You are too injured to fight recklessly!
You are too injured to fight recklessly!
You aren't carrying any potions.
You see here a fuming ruby potion.
d - a fuming ruby potion The kobold barely misses you.
Okay, then.
Throw: 3 throwing nets
Press: ? - help, Q - select action Shift-Dir - straight line, f - kobold
Aim: a kobold, wielding a +3 short sword of draining and quivering stones (51% to hit)
You throw a throwing net.
The throwing net barely misses the kobold.
The kobold hits you with a +3 short sword of draining.
You die...

#......#.#.#.#.#.#
#####
#......#.#.#...#.#
#......#.#.##..#.#
.....#..#.#.....#.#
.....#..#.#####.#.#
.....#..#.#####.[.#
.. +..#.........#
#######..#######
.......@.......#
########K.####.#
#.(# #..# ##.# .#
.# .# ..


You could see a kobold.

Vanquished Creatures
  An endoplasm (D:1)
  A ball python (D:1)
  A kobold (D:1)
  A rat (D:1)
4 creatures vanquished.

Notes
Turn   | Place    | Note
-------+----------+-------------------------------------------
     0 | D:1      | Alarkh the Demonspawn Gladiator began the quest for the
                  | Orb.
     0 | D:1      | Reached XP level 1. HP: 16/16 MP: 1/1
   324 | D:1      | Slain by a kobold

Illustrated notes

Levels and vault maps discovered:
D:1:      onia_arrival_mini_maze_b, layout_basic,
          chequers_ecumenical_altar_island, st_stairs_2, hex_medium,
          minmay_lizard_king

Action                   || total
-------------------------++-------
Melee: Unarmed           ||    10
Throw: Throwing net      ||     1
 Stab: Sleeping          ||     1
Dodge: Dodged            ||     4

Table legend: (Time is in decaauts)
 A = Elapsed time spent in this place.
 B = Non-inter-level travel time spent in this place.
 C = Inter-level travel time spent in this place.
 D = Time resting spent in this place.
 E = Time spent auto-exploring this place.
 F = Levels seen in this place.
 G = Mean time per level.
                   A        B        C        D        E       F      G
               +--------+--------+--------+--------+--------+-----+--------+
         Total |    323 |    323 |      0 |    117 |    172 |   1 |  323.0 |
       Dungeon |    323 |    323 |      0 |    117 |    172 |   1 |  323.0 |
               +--------+--------+--------+--------+--------+-----+--------+

Top non-repeatable levels by time:
     D:1: 323 daAuts
